 Dungeon Crawl Stone Soup version 0.31-a0-795-g5eb97db20b (webtiles) character file.

Game seed: 10616462421219068379

7704 Dirtsage the Grappler (level 11, 87/87 HPs)
             Began as a Demonspawn Berserker on Sept 18, 2023.
             Was an Elder of Trog.
             Quit the game on level 9 of the Dungeon.
             The game lasted 00:15:41 (7740 turns).

Dirtsage the Grappler (Demonspawn Berserker)        Turns: 7740, Time: 00:15:42

Health: 87/87      AC:  7    Str: 22    XL:     11   Next: 0%
Magic:  11/11      EV: 14    Int:  9    God:    Trog [****..]
Gold:   361        SH:  4    Dex: 14    Spells: 10/10 levels left

rFire   . .          .
                       - Unarmed
rCold   . . .        (no shield)
rNeg    . . .        a - +1 robe of Immorality {Regen+}
rPois   .            e - +2 helmet
rElec   .            H - +0 cloak
rCorr   .            (gloves unavailable)
SInv    +            (no boots)
Will    +....        k - amulet of guardian spirit
Stlth   ++           E - ring of willpower
HPRegen 1.14/turn    S - ring of see invisible
MPRegen 0.12/turn

%: guardian spirit
@: no status effects
A: claws 3, thin skeletal structure 1, spiny 1, condensation shield
a: Renounce Religion, Berserk, Trog's Hand, Brothers in Arms


You were on level 9 of the Dungeon.
You worshipped Trog.
Trog was greatly pleased with you.
You visited 2 branches of the dungeon, and saw 10 of its levels.

You collected 482 gold pieces.
You spent 121 gold pieces at shops.

Inventory:

Armour
 a - the +1 robe of Immorality (worn) {Regen+}
   (You found it on level 3 of the Dungeon)

   Regen+:    It increases your rate of health regeneration.
 e - a +2 helmet (worn)
 u - a +0 scale mail
 H - a +0 cloak (worn)
 I - a -2 pair of boots
Jewellery
 c - a ring of willpower
 k - an amulet of guardian spirit (around neck)
 n - a ring of fire
 C - a ring of resist corrosion
 E - a ring of willpower (left claw)
 F - the ring "Pozu" {rElec rF+ MP+9}
   (You found it on level 8 of the Dungeon)

   [ring of magical power]

   rF+:       It protects you from fire.
   rElec:     It insulates you from electricity.
   MP+9:      It affects your magic capacity (+9).
 S - a ring of see invisible (right claw)
Wands
 D - a wand of mindburst (7)
Scrolls
 b - 2 scrolls of enchant weapon
 d - a scroll of revelation
 g - a scroll of fear
 i - 3 scrolls of identify
 j - 3 scrolls of vulnerability
 p - a scroll of noise
 r - a scroll of enchant armour
 t - 6 scrolls of teleportation
 v - a scroll of poison
 x - a scroll of fog
 y - 2 scrolls of silence {unknown}
 B - 3 scrolls of blinking
Potions
 f - 2 potions of enlightenment {unknown}
 h - a potion of might {unknown}
 l - 7 potions of heal wounds
 m - 2 potions of mutation {unknown}
 o - 2 potions of attraction {unknown}
 q - 4 potions of curing
 s - 2 potions of degeneration {unknown}
 w - 3 potions of haste {unknown}
 z - a potion of lignification
 A - a potion of cancellation {unknown}
 G - a potion of brilliance {unknown}


   Skills:
 + Level 8.7 Fighting
 - Level 4.1 Axes
 + Level 4.8 Armour
 + Level 4.7 Dodging
 + Level 4.1 Shields
 * Level 10.8 Unarmed Combat


You had 10 spell levels left.
You didn't know any spells.
Your spell library contained the following spells:

 Spells                   Type           Power      Damage    Failure   Level
 Blink                    Tloc           0%         N/A       52%         2
 Ensorcelled Hibernation  Hex/Ice        0%         N/A       52%         2
 Jinxbite                 Hex            0%         N/A       52%         2
 Sublimation of Blood     Necr           0%         N/A       52%         2
 Anguish                  Hex/Necr       0%         N/A       99%         4
 Manifold Assault         Tloc           0%         N/A       99%         4
 Petrify                  Tmut/Erth      0%         N/A       99%         4
 Irradiate                Conj/Tmut      0%         3d11      100%        5


Dungeon Overview and Level Annotations

Branches:
Dungeon (9/15)             Temple (1/1) D:7
   Lair: D:8-11         Orc: D:9-12

Altars:
Ashenzari
Cheibriados
Dithmenos
Fedhas
Gozag
Hepliaklqana
Kikubaaqudgha
Makhleb
Nemelex Xobeh
Okawaru
Qazlal
Ru
Sif Muna
Uskayaw
Vehumet
Wu Jian
Xom
Yredelemnul

Shops:
D:4 !   D:6 [


Innate Abilities, Weirdness & Mutations

You have claws for hands.
You have a somewhat thin skeletal structure. (Dex +2, Stealth+)
You are partially covered in sharp spines.
A meltable shield of frost defends you. (SH +4)


Message History

You mangle the orc!!
You kill the orc!
Trog accepts your kill.
You regained 2 hp, and now have 29/87 hp.
You start resting.
You feel the effects of Trog's Hand fading.
You regained 7 hp, and now have 36/87 hp.
Your skin stops crawling.
You feel less strong-willed.
You feel yourself speed up.
You recover from your berserk rage.
HP restored.
Magic restored.
You now have 347 gold pieces (gained 10).
Items here: ) [[ †.
Items here: )))) [ ††.
You now have 361 gold pieces (gained 14).
Things that are here:
a +0 dagger; an orc corpse
y - 2 scrolls labelled QAULIM VIHU (gained 1)
There is an open door here.
I - a -2 pair of boots Health restored: 87; MP restored: 11
There is an open door here.
There is an open door here.
You see here a -2 hat.
There is an open door here.
You open the door. As you open the door, it creaks loudly!
There is an open door here.
You see here a -2 chain mail of cold resistance.
There is an open door here.
You open the door.
There is an open door here.
You open the door.
Found the +18 Lear's hauberk.
There is an open door here.
There is an open door here.
You see here a -2 chain mail of cold resistance.
Okay, then.
Are you sure you want to abandon this character and quit the game? (Confirm with "yes".)

### ### #.###.######
####.#[#.#....#
#....#'#....#.#
####.....####.#
#@#.8...#[##.#
###'.....'###.#
#...........#.#
###'.....'###.#
#[#.8...#.##.#
###....)####.##
.......#'#.......#
....##.#[#...)...####
... ..###...)...))..


There were no monsters in sight!

Vanquished Creatures
  Erica (D:9)
  A tengu warrior (D:9)
  The ghost of bmj180 the Conjurer, a novice DrCj of Vehumet (D:8)
  A moth of wrath (D:8)
  Maggie (D:7)
  Psyche (D:8)
  A troll (D:9)
  A hornet (D:8)
  Grinder (D:4)
  Sigmund (D:4)
  A wraith (D:6)
  A wyvern (D:9)
  A steam dragon (D:9)
  Menkaure (D:7)
  3 water moccasins
  3 orc warriors
  2 sky beasts
  3 ice beasts
  7 centaurs
  A phantom (D:7)
  2 kobold brigands
  2 bullfrogs (D:8)
  2 gnoll sergeants
  3 scorpions
  8 wights
  4 killer bees (D:7)
  2 howler monkeys (D:6)
  A jelly (D:7)
  5 orc priests
  Crazy Yiuf (D:7)
  2 hounds
  4 sleepcaps
  3 iguanas
  3 orc wizards (D:7)
  10 gnolls
  12 adders
  A dart slug (D:2)
  30 orcs
  6 endoplasms
  2 giant cockroaches
  9 hobgoblins
  3 jackals (D:5)
  9 kobolds
  3 quokkas
  6 ball pythons
  5 bats
  13 frilled lizards
  6 goblins
  6 rats
196 creatures vanquished.

Notes
Turn   | Place    | Note
-------+----------+-------------------------------------------
     0 | D:1      | Dirtsage the Demonspawn Berserker began the quest for the
                  | Orb.
     0 | D:1      | Reached XP level 1. HP: 18/18 MP: 1/1
   299 | D:1      | Gained mutation: You are partially covered in sharp spines.
                  | [demonic ancestry]
   299 | D:1      | Reached XP level 2. HP: 23/24 MP: 2/2
  1050 | D:2      | Found a faded altar of an unknown god.
  1069 | D:2      | Gained mutation: You have sharp fingernails. [demonic
                  | ancestry]
  1069 | D:2      | Reached XP level 3. HP: 29/29 MP: 3/3
  1076 | D:2      | Reached ** piety under Trog
  1186 | D:2      | Reached skill level 1 in Unarmed Combat
  1227 | D:2      | Reached XP level 4. HP: 35/35 MP: 4/4
  1586 | D:2      | Reached skill level 2 in Unarmed Combat
  2235 | D:3      | Identified the +1 robe of Immorality {Regen+}
  2448 | D:4      | Found a hide-covered altar of Uskayaw.
  2602 | D:4      | Reached XP level 5. HP: 41/41 MP: 5/5
  2629 | D:4      | Reached skill level 3 in Unarmed Combat
  2834 | D:4      | Noticed Grinder
  2845 | D:4      | Paralysed by Grinder for 2 turns
  2873 | D:4      | Killed Grinder
  2874 | D:4      | Reached skill level 4 in Unarmed Combat
  2874 | D:4      | Gained mutation: You have a somewhat thin skeletal
                  | structure. (Dex +2, Stealth+) [demonic ancestry]
  2874 | D:4      | Reached XP level 6. HP: 35/48 MP: 3/6
  3072 | D:4      | Found Nutun's Distillery.
  3080 | D:4      | Bought a potion of heal wounds for 55 gold pieces
  3080 | D:4      | Bought a potion of curing for 33 gold pieces
  3080 | D:4      | Bought a potion of lignification for 33 gold pieces
  3137 | D:4      | Reached *** piety under Trog
  3146 | D:4      | Noticed Sigmund
  3361 | D:4      | Killed Sigmund
  3362 | D:4      | Reached skill level 5 in Unarmed Combat
  3362 | D:4      | Reached XP level 7. HP: 49/55 MP: 4/7
  3405 | D:5      | Entered Level 5 of the Dungeon
  3737 | D:5      | Reached skill level 5 in Fighting
  3781 | D:5      | Reached skill level 6 in Unarmed Combat
  4219 | D:6      | Found Ufycvi's Armour Boutique.
  4305 | D:6      | Reached XP level 8. HP: 63/63 MP: 8/8
  4615 | D:6      | Reached skill level 7 in Unarmed Combat
  5078 | D:7      | Reached skill level 8 in Unarmed Combat
  5136 | D:7      | Gained mutation: You have very sharp fingernails. [demonic
                  | ancestry]
  5136 | D:7      | Reached XP level 9. HP: 52/71 MP: 5/9
  5208 | D:7      | Found a radiant altar of Vehumet.
  5216 | D:7      | Noticed a boulder beetle
  5470 | D:7      | Reached **** piety under Trog
  5471 | D:7      | Reached skill level 1 in Shields
  5471 | D:7      | Reached skill level 9 in Unarmed Combat
  5543 | D:7      | Found a staircase to the Ecumenical Temple.
  5559 | Temple   | Entered the Ecumenical Temple
  5763 | D:7      | Noticed Maggie
  5775 | D:7      | Killed Maggie
  6019 | D:7      | Noticed Menkaure
  6025 | D:7      | Killed Menkaure
  6445 | D:7      | Found a runed translucent door.
  6446 | D:7      | Noticed Crazy Yiuf
  6454 | D:7      | Killed Crazy Yiuf
  6527 | D:8      | Found a basalt altar of Yredelemnul.
  6527 | D:8      | Found a blossoming altar of Fedhas.
  6552 | D:8      | Found a shadowy altar of Dithmenos.
  6552 | D:8      | Found an ancient bone altar of Kikubaaqudgha.
  6566 | D:8      | Found a transporter.
  6567 | D:8      | Noticed a moth of wrath
  6610 | D:8      | Found a transporter.
  6614 | D:8      | Noticed bmj180's ghost (novice DrCj)
  6794 | D:8      | Noticed Psyche
  6798 | D:8      | Gained mutation: You have claws for hands. [demonic
                  | ancestry]
  6798 | D:8      | Reached XP level 10. HP: 77/79 MP: 10/10
  6802 | D:8      | Killed Psyche
  7084 | D:8      | Killed a moth of wrath
  7085 | D:8      | Reached skill level 10 in Unarmed Combat
  7104 | D:8      | Killed bmj180's ghost
  7138 | D:8      | Identified the ring "Pozu" {rElec rF+ MP+9}
  7363 | D:9      | Noticed Erica
  7379 | D:9      | Killed Erica
  7588 | D:9      | Noticed a tengu warrior
  7616 | D:9      | Killed a tengu warrior
  7622 | D:9      | Gained mutation: A meltable shield of frost defends you.
                  | (SH +4) [demonic ancestry]
  7622 | D:9      | Reached XP level 11. HP: 24/87 MP: 2/11
  7734 | D:9      | Found the +18 Lear's hauberk
  7740 | D:9      | Quit the game

Illustrated notes

Levels and vault maps discovered:
D:1:      dpeg_arrival_round_a, layout_basic
D:2:      layout_loops_ring, nicolae_ecumenical_pavilion, basic_altar,
          minmay_lizard_king
D:3:      layout_loops_cross, minmay_close_crescents
D:4:      layout_gridville, nicolae_uskayaw_murder_on_the_dancefloor,
          serial_shops, nicolae_shop_competitors_out_of_business,
          minmay_snake_closets, uniq_grinder, uniq_sigmund
D:5:      layout_cave_pods, nicolae_houndstooth_variations
D:6:      layout_loops_cross, serial_shops, nicolae_stop_n_shop_1
D:7:      layout_basic, nicolae_vehumet_radiance,
          minmay_temple_entry_mini_moons, abandoned_shop, minmay_diced_spiral,
          uniq_maggie, uniq_crazy_yiuf_cottage, uniq_menkaure
D:8:      layout_cave_pools, grunt_temple_overflow_open,
          gammafunk_ghost_berserking_beasts, uniq_psyche
D:9:      layout_basic, hellmonk_guarded_unrand_lears, uniq_prince_ribbit1,
          uniq_erica
Temple:   nicolae_temple_great_sept

Skill      XL: |  1  2  3  4  5  6  7  8  9 10 |
---------------+-------------------------------+-----
Axes           | 3 4 |  4.1
Unarmed Combat | 1 2 4 5 6 8 9 10 | 10.8
Fighting       | 4 5 6 7 8 |  8.7
Armour         | 3 4 |  4.8
Dodging        | 3 4 |  4.7
Shields        | 2 4 |  4.1

Action                     |  1- 3 |  4- 6 |  7- 9 | 10-12 || total
---------------------------+-------+-------+-------+-------++-------
  Melee: Hand axe          |    76 |    28 |       |       ||   104
         Unarmed           |       |    88 |   249 |    85 ||   422
         Punch             |       |     3 |    22 |     2 ||    27
 Invoke: Berserk           |       |     1 |     4 |     3 ||     8
         Trog's Hand       |       |       |       |     1 ||     1
    Use: Scroll            |       |     8 |     6 |       ||    14
   Stab: Sleeping          |     4 |     4 |     7 |     2 ||    17
         Distracted        |       |     1 |       |       ||     1
 Armour: Animal skin       |    38 |       |       |       ||    38
         Chain mail        |       |     7 |       |       ||     7
         Robe              |       |    28 |   129 |    73 ||   230
         Scale mail        |       |     5 |       |       ||     5
  Dodge: Dodged            |    39 |    60 |   118 |    39 ||   256

Table legend: (Time is in decaauts)
 A = Elapsed time spent in this place.
 B = Non-inter-level travel time spent in this place.
 C = Inter-level travel time spent in this place.
 D = Time resting spent in this place.
 E = Time spent auto-exploring this place.
 F = Levels seen in this place.
 G = Mean time per level.
                   A        B        C        D        E       F      G
               +--------+--------+--------+--------+--------+-----+--------+
         Total |   7770 |   7487 |    283 |    331 |   6017 |  10 |  777.0 |
       Dungeon |   7768 |   7485 |    283 |    331 |   6017 |   9 |  863.1 |
        Temple |      1 |      1 |      0 |      0 |      0 |   1 |    1.0 |
               +--------+--------+--------+--------+--------+-----+--------+

Top non-repeatable levels by time:
     D:7: 1509 daAuts
     D:1: 1056 daAuts
     D:4: 965 daAuts
     D:6: 813 daAuts
     D:5: 809 daAuts
     D:2: 739 daAuts
     D:8: 662 daAuts
     D:3: 660 daAuts
     D:9: 552 daAuts
  Temple: 1 daAuts
